 Dungeon Crawl Stone Soup version 0.27.0-1-g7a089689b8 (webtiles) character file.

Game seed: 11606659034636188805

36 dracos369 the Magician (level 3, -8/25 HPs)
             Began as a Djinni Air Elementalist on July 31, 2021.
             Was a Believer of Jiyva.
             Mangled by Ijyb (9 damage)
             ... on level 3 of the Dungeon.
             The game lasted 00:04:25 (1949 turns).

dracos369 the Magician (Djinni Air Elementalist)    Turns: 1949, Time: 00:04:26

Health: -8/25      AC:  4    Str:  8    XL:     3   Next: 57%
Gold:   23         EV: 12    Int: 15    God:    Jiyva [**....] SH:  0 Dex: 14

rFire    + + .     SeeInvis .   a - +3 quarterstaff (chaos)
rCold    x . .     Faith    .   (shield currently unavailable)
rNeg     . . .     Spirit   .   l - +0 animal skin
rPois    ∞         Reflect  .   k - +0 helmet
rElec    .         Harm     .   m - +0 cloak
rCorr    .         Rampage  .   (no gloves)
Will     .....                  (boots unavailable)
Stlth    ++........             (no amulet)
HPRegen  0.08/turn              (no ring)
MPRegen  0.00/turn              (no ring)

@: flying, hasted, very quick
A: sickness immunity, fire resistance 2, cold vulnerability 1, float, innate
caster, hp casting, extra vitality 1
a: Renounce Religion, Request Jelly


You were on level 3 of the Dungeon.
You worshipped Jiyva.
Jiyva was pleased with you.
You visited 1 branch of the dungeon, and saw 3 of its levels.

You collected 23 gold pieces.

Inventory:

Hand Weapons
 a - a +3 quarterstaff of chaos (weapon)
 f - a +0 dagger
 j - a +2 dagger of venom
Armour
 k - a +0 helmet (worn)
 l - a +0 animal skin (worn)
 m - a +0 cloak (worn)
Scrolls
 d - 2 scrolls of enchant armour {unknown}
 e - a scroll of identify {unknown}
 g - 2 scrolls of teleportation {unknown}
 h - 2 scrolls of magic mapping {unknown}
 i - 2 scrolls of brand weapon {unknown}
Potions
 c - a potion of flight {unknown}


   Skills:
 - Level 2.1 Dodging
 - Level 1.5 Stealth
 + Level 3.4 Spellcasting


You couldn't memorise any spells.
You knew the following spells:

 Your Spells              Type           Power      Damage    Failure   Level
a - Airstrike             Air            6%         N/A       43%         4
b - Freeze                Ice            48%        1d7       4%          1
d - Static Discharge      Conj/Air       12%        N/A       7%          2
z - Shock                 Conj/Air       48%        1d6       4%          1
S - Swiftness             Air            12%        N/A       14%         3
Your spell library was empty.

Dungeon Overview and Level Annotations

Branches:
Dungeon (3/15)

Altars:
Jiyva

Annotations:
D:3 Ijyb


Innate Abilities, Weirdness & Mutations

You are immune to sickness and miasma.
You are immune to poison.
Your flesh is very heat resistant. (rF++)
You are vulnerable to cold. (rC-)
You float through the air rather than walking.
You learn spells naturally, not from books.
Your magical power is your life essence.
You have superior vitality. (+4 HP)


Message History

There is a stone staircase leading up here.
You reach down and open the door.
There is an open door here.
You reach down and open the door.
There is an open door here.
You reach down and open the door.
There is an open door here.
h - 2 scrolls labelled WEEBLA EDWOTOI (gained 1)
Found a hand axe.
Found an escape hatch in the ceiling.
Found a scroll labelled OSHRET TEPH.
Ijyb the Twisted Goblin comes into view.
She is wielding a +6 club and carrying a wand of digging (4).
Ijyb shouts!
Found a coppery potion.
Found a bubbling black potion.
The zap hits Ijyb.
Ijyb is lightly wounded.
The zap misses Ijyb.
You barely miss Ijyb.
Ijyb is lightly wounded.
Ijyb misses you. Ijyb hits you with a +6 club!
You hit Ijyb but do no damage.
Ijyb is lightly wounded.
Ijyb hits you with a +6 club.
Casting: Shock (safe; 4% risk of failure)
Confirm with . or Enter, or press ? or * to list all spells.
Ijyb is struck by an arc of lightning!
Ijyb is heavily wounded.
You are struck by an arc of lightning.
The lightning grounds out.
Ijyb screams, "No!
No, no, no, no!"
Ijyb hits you with a +6 club.
* * * LOW HITPOINT WARNING * * *
Unknown command.
You barely miss Ijyb.
Ijyb is heavily wounded.
Ijyb hits you with a +6 club.
* * * LOW HITPOINT WARNING * * *
Unknown command.
It was a potion of haste.
You feel yourself speed up. Ijyb hits you with a +6 club!
You die...

#.#. .....#.###....! #
#.#. .....#.......!.
#.#.#. #...#.........
#..<'.
###............########.
........?......#........
###............#......##
....<......# #.#......#
#.g@...# #.#......#
##.....# #.#####'##
#..#### #.#......#
#..######........#
#......##........#
#......##........#
#.......'........#
......#####..#######
####..# #..#


You could see Ijyb.

Vanquished Creatures
  Crazy Yiuf (D:2)
  Robin (D:2)
  A ball python (D:2)
  2 bats (D:2)
  An endoplasm (D:1)
  A giant cockroach (D:2)
  2 hobgoblins (D:1)
  3 kobolds (D:1)
  2 frilled lizards (D:1)
  6 goblins
  5 rats
25 creatures vanquished.

Vanquished Creatures (others)
  A jelly (D:2)
  An endoplasm (D:2)
  A giant cockroach (D:2)
  13 goblins (D:2)
  2 hobgoblins
  2 bats
  A frilled lizard (D:2)
  2 kobolds
  2 rats (D:2)
25 creatures vanquished.

Grand Total: 50 creatures vanquished

Notes
Turn   | Place    | Note
-------+----------+-------------------------------------------
     0 | D:1      | dracos369 the Djinni Air Elementalist began the quest for
                  | the Orb.
     0 | D:1      | Reached XP level 1. HP: 15/15 MP: 0/0
   242 | D:1      | Reached XP level 2. HP: 18/21 MP: 0/0
   338 | D:1      | Found a faded altar of an unknown god.
   362 | D:1      | Became a worshipper of Jiyva Jaofrian the Shapeless
   362 | D:1      | Reached * piety under Jiyva
   674 | D:1      | Reached skill level 3 in Spellcasting
  1102 | D:2      | Reached ** piety under Jiyva
  1143 | D:2      | Noticed Robin
  1149 | D:2      | Killed Robin
  1150 | D:2      | Reached XP level 3. HP: 9/25 MP: 0/0
  1150 | D:2      | Learned a level 1 spell: Freeze
  1679 | D:2      | Found a runed translucent door.
  1680 | D:2      | Noticed Crazy Yiuf
  1688 | D:2      | Killed Crazy Yiuf
  1940 | D:3      | Noticed Ijyb
  1948 | D:3      | HP: 1/25 [Ijyb (1)]
  1949 | D:3      | Mangled by Ijyb

Illustrated notes

Levels and vault maps discovered:
D:1:      dpeg_arrival_water_temple_mockup, layout_basic,
          hellmonk_ecumenical_altar_pennies_from_heaven,
          hangedman_abyss_or_decor_stabs, kennysheep_another_room
D:2:      layout_basic, uniq_robin, uniq_crazy_yiuf_cottage
D:3:      layout_basic, minmay_misc_feat_rugged, lexackson_kobold_supper,
          uniq_ijyb

Skill      XL: |  1  2 |
---------------+-------+-----
Spellcasting   | 3 |  3.4
Dodging        | |  2.1
Stealth        | |  1.5

Action                   || total
-------------------------++-------
Melee: Dagger            ||    19
       Quarterstaff      ||     3
 Cast: Shock             ||    38
       Static Discharge  ||     2
  Use: Potion            ||     1
 Stab: Sleeping          ||     2
Armor: Robe              ||     2
       Animal skin       ||     1
Dodge: Dodged            ||    10
